 Dungeon Sprint DCSS version 0.18-a0-33-g9e10395 (console) character file.

18 Kellhus the Chopper (level 2, -2/25 HPs)
             Began as a Demigod Fighter on Nov 5, 2015.
             Slain by a sky beast (6 damage)
             ... in the Dungeon (Sprint IX: "|||||||||||||||||||||||||||||").
             The game lasted 00:00:31 (144 turns).

Kellhus the Chopper (Demigod Fighter)                Turns: 144, Time: 00:00:32

Health: -2/25      AC:  6    Str: 19    XL:     2   Next: 36%
Magic:  4/4        EV:  7    Int: 12    God:
Gold:   0          SH:  9    Dex: 15    Spells: 0 memorised, 1 level left

rFire  . . .     SeeInvis .     a - +0 war axe
rCold  . . .     Clarity  .     b - +0 scale mail
rNeg   . . .     SustAt   +     c - +0 shield
rPois  .         Gourm    .     (no helmet)
rElec  .         Spirit   .     (no cloak)
rCorr  .         Warding  .     (no gloves)
rMut   .         NoTele   +     (no boots)
MR     .....                    (no amulet)
Stlth  ..........               (no ring)
                                (no ring)

@: not resistant to hostile enchantments, extremely unstealthy
A: high mp 1, sustain attributes
a: no special abilities


You were in the Dungeon.
You were not hungry.

You visited 1 branch

Inventory:

Hand Weapons
 a - a +0 war axe (weapon)
Armour
 b - a +0 scale mail (worn)
 c - a +0 shield (worn)
 p - a +0 pair of gloves
 q - a +0 pair of gloves
Jewellery
 r - a +3 ring of intelligence
 s - a +3 ring of intelligence
Wands
 o - a wand of draining (7)
Scrolls
 k - 2 scrolls of blinking
 m - 3 scrolls of remove curse
 n - 2 scrolls of amnesia
Potions
 d - a potion of might
 f - 5 potions of curing
 g - 3 potions of heal wounds
 h - a potion of haste
 i - 4 potions of magic
Comestibles
 e - a bread ration
 l - 3 chunks of flesh


   Skills:
 - Level 2.6 Fighting
 + Level 5.0 Axes
 - Level 2.6 Armour
 - Level 2.6 Shields


You had one spell level left.
You didn't know any spells.

Dungeon Overview and Level Annotations

Branches:
Dungeon (1/1)


Innate Abilities, Weirdness & Mutations

You have an increased reservoir of magic (+10% MP).
Your attributes are resistant to harm.


Message History

The sky beast hits you but does no damage.
The sky beast flickers out of sight!
Deactivating autopickup; reactivate with Ctrl-A.
Something hits you. Something shocks you.
You closely miss something. Something hits you but does no damage.
You slash something! Something hits you. Something shocks you.
* * * LOW HITPOINT WARNING * * *
You hit something. Something hits you but does no damage.
Something hits you but does no damage.
The orc wizard casts a spell.
The orc wizard seems to speed up.
You miss something.
The orc wizard casts a spell.
The orc wizard flickers and vanishes!
Something hits you but does no damage.
Unknown command.
You miss something. Something hits you but does no damage.
Something hits you but does no damage.
You miss something. Something hits you.
* * * LOW HITPOINT WARNING * * *
Something shocks you.
You die... ▓▓▓▓▓▓▓▓▓▓▓▓▓▓▓▓▓▓▓▓▓▓▓▓ .{OoYe{@.[..)|.!'_______ ▓▓▓▓▓▓▓▓▓▓▓▓▓▓▓▓▓▓▓▓▓▓▓▓

You could see a yak, an orc warrior, a deep elf mage and an ogre.

Vanquished Creatures
  A shadow imp (D)
  A giant gecko (D)
  A bat skeleton (D)
  2 goblins (D)
  A kobold (D)
  A bat (D)
  A giant cockroach (D)
  A giant gecko zombie (D)
  A giant newt (D)
10 creatures vanquished.

Notes
Turn   | Place    | Note
--------------------------------------------------------------
     0 | D        | Kellhus the Demigod Fighter began the quest for the Orb.
     0 | D        | Reached XP level 1. HP: 18/18 MP: 3/3
    13 | D        | Reached skill level 3 in Axes
    38 | D        | Reached skill level 4 in Axes
    47 | D        | Reached skill level 5 in Axes
    47 | D        | Reached XP level 2. HP: 25/25 MP: 4/4
    92 | D        | Found a glowing silver altar of Zin.
    92 | D        | Found a glowing golden altar of the Shining One.
    92 | D        | Found an ancient bone altar of Kikubaaqudgha.
    92 | D        | Found a basalt altar of Yredelemnul.
    92 | D        | Found a shimmering altar of Xom.
    92 | D        | Found a radiant altar of Vehumet.
    93 | D        | Found an iron altar of Okawaru.
    94 | D        | Found a burning altar of Makhleb.
    95 | D        | Found a deep blue altar of Sif Muna.
    96 | D        | Found a bloodstained altar of Trog.
    97 | D        | Found a sparkling altar of Nemelex Xobeh.
    98 | D        | Found a white marble altar of Elyvilon.
    99 | D        | Found a roughly hewn altar of Beogh.
   100 | D        | Found a viscous altar of Jiyva.
   101 | D        | Found a corrupted altar of Lugonu.
   102 | D        | Found a blossoming altar of Fedhas.
   103 | D        | Found a snail-covered altar of Cheibriados.
   104 | D        | Found a shadowy altar of Dithmenos.
   105 | D        | Found a stormy altar of Qazlal.
   106 | D        | Found an opulent altar of Gozag.
   107 | D        | Found a sacrificial altar of Ru.
   135 | D        | Noticed an ogre
   135 | D        | Noticed an orc warrior
   135 | D        | Noticed a yak
   135 | D        | Noticed a deep elf mage
   135 | D        | Noticed a sky beast
   144 | D        | Slain by a sky beast

Vault maps used:
D:        linesprint

Action                   || total
-------------------------++-------
Melee: War axe           ||    40
  Use: Potion            ||     1
